 Dungeon Crawl Stone Soup version 0.13-a0-1804-g486adc7 (webtiles) character file.

161 istymast the Magician (level 3, 0/19 HPs)
             Began as a High Elf Wizard on June 24, 2013.
             Slain by a gnoll
             ... wielding a +0,+0 spear
              (9 damage)
             ... on Level 3 of the Dungeon.
             The game lasted 00:24:17 (2215 turns).

istymast the Magician (High Elf Wizard)             Turns: 2215, Time: 00:24:18

HP   0/19        AC  2     Str  7      XL: 3   Next: 92%
MP   3/11        EV 12     Int 21      God:
Gold 96          SH  0     Dex 14      Spells:  3 memorised,  3 levels left

Res.Fire  : . . .   See Invis. : .   (no weapon)
Res.Cold  : . . .   Warding    : .   a - +0 elf robe
Life Prot.: . . .   Conserve   : .   (no shield)
Res.Poison: .       Res.Corr.  : .   b - +0 elf wizard hat
Res.Elec. : .       Clarity    : .   (no cloak)
Sust.Abil.: . .     Spirit.Shd : .   (no gloves)
Res.Mut.  : .       Stasis     : .   (no boots)
Res.Rott. : .       Flight     : .   (no amulet)
Saprovore : . . .                    (no ring)
                                     (no ring)

@: slightly resistant to hostile enchantments, fairly stealthy
A: no striking features
a: no special abilities


You were on level 3 of the Dungeon.
You were not hungry.

You visited 1 branch of the dungeon, and saw 3 of its levels.

You collected 76 gold pieces.

Inventory:

Hand weapons
 e - a +0,+0 dagger
 g - a +1,+1 dwarven hand axe (quivered)
 h - a +0,+1 dwarven dagger
 o - a +2,+1 dagger of holy wrath
 p - a +0,+0 short sword
 s - a -1,+0 orcish dagger
Missiles
 k - 10 poisoned needles
 x - 7 needles of confusion
Armour
 a - a +0 elven robe (worn)
 b - a +0 elven wizard hat (worn)
 l - a +0 leather armour
 q - a +0 leather armour
 t - a +1 pair of dwarven boots
 A - a +0 leather armour
 G - a +1 pair of gauntlets
Comestibles
 d - a bread ration
 m - a chunk of giant cockroach flesh
 z - 2 chunks of quokka flesh
 E - a rotting chunk of bat flesh
 F - a meat ration
Scrolls
 f - 2 scrolls of identify {unknown}
 i - 3 scrolls of remove curse {unknown}
 u - a scroll of teleportation {unknown}
 v - a scroll of enchant weapon II {unknown}
 y - a scroll of fear {unknown}
 D - a scroll of magic mapping {unknown}
Potions
 j - a potion of paralysis {unknown}
 n - 3 potions of curing {unknown}
 r - a potion of speed {unknown}
 w - a potion of poison {unknown}
 C - a potion of heal wounds {unknown}
Books
 c - a book of Minor Magic

   Spells                             Type                      Level
   *Magic Dart                        Conjuration                  1
   Blink                              Translocation                2
   *Call Imp                          Summoning                    2
   Repel Missiles                     Charms/Air                   2
   Slow                               Hexes                        2
   Conjure Flame                      Conjuration/Fire             3
   *Mephitic Cloud                    Conjuration/Poison/Air       3


   Skills:
 - Level 0.2 Throwing
 - Level 2.1 Dodging
 - Level 2.1 Stealth
 - Level 0.4 Traps
 - Level 3.6 Spellcasting
 + Level 2.9 Conjurations
 + Level 1.6 Summonings
   Level 1.1 Translocations
 * Level 1.4 Air Magic
 * Level 0.7 Poison Magic


You had 3 spell levels left.
You knew the following spells:

 Your Spells              Type           Power        Failure   Level  Hunger
a - Magic Dart            Conj           ###.         4%          1    None
b - Call Imp              Summ           ##........   12%         2    #......
c - Mephitic Cloud        Conj/Pois/Air  ##......     21%         3    ###....


Dungeon Overview and Level Annotations

Branches:
Dungeon (3/27)

Altars:


Message History

Casting: Call Imp
Confirm with . or Enter, or press ? or * to list all spells.
A beastly little devil appears in a puff of flame.
You climb downwards.
An adder, 2 jackals, a hobgoblin, 8 gnolls and a kobold come into view.
The jackal barks!
The gnoll shouts!
The gnoll shouts!
The kobold shouts!
The gnoll shouts!
The hobgoblin shouts!
The jackal closely misses you. The gnoll hits you with a whip.
The kobold barely misses your white imp.
The gnoll hits you with a halberd.
The gnoll barely misses your crimson imp.
The jackal barely misses your crimson imp.
The jackal bites you.
The adder closely misses your crimson imp.
There is a stone staircase leading up, spattered with blood here.
The jackal bites your crimson imp but does no damage.
The jackal barely misses you. The gnoll barely misses your white imp.
The gnoll hits you from afar with a spear!
You die...

### ..# #.#
##.####
##.♣...##
.####.......#
.....♣Kg.♣g.#
#.#..5h5...#
#.....@gh..#
###..g55Sg.#
#.♣.gg♣g.#
##...g.###
##.♣.## ##.##
###


You could see 8 gnolls, an adder, 2 jackals, a hobgoblin, a kobold, 3 friendly
crimson imps and a friendly white imp.

Vanquished Creatures
  A giant mite (D:1)
  An ooze (D:1)
  A giant cockroach (D:2)
  3 hobgoblins
  2 jackals
  6 kobolds (D:1)
  A quokka (D:2)
  7 bats
  4 giant newts
  6 goblins
  6 rats
38 creatures vanquished.

Vanquished Creatures (collateral kills)
  2 adders (D:2)
  8 jackals
  A kobold (D:1)
  2 rats
13 creatures vanquished.

Vanquished Creatures (others)
  A kobold (D:1)
  A rat (D:1)
2 creatures vanquished.

Grand Total: 53 creatures vanquished

Notes
Turn   | Place    | Note
--------------------------------------------------------------
     0 | D:1      | istymast, the High Elf Wizard, began the quest for the Orb.
     0 | D:1      | Reached XP level 1. HP: 9/9 MP: 6/6
   247 | D:1      | Reached XP level 2. HP: 15/15 MP: 5/8
   251 | D:1      | Learned a level 2 spell: Call Imp
   423 | D:1      | Reached skill level 1 in Summonings
   712 | D:1      | Reached XP level 3. HP: 19/19 MP: 6/11
   728 | D:1      | Learned a level 3 spell: Mephitic Cloud
  1556 | D:2      | Reached skill level 1 in Air Magic
  2215 | D:3      | Slain by a gnoll

Action                   || total
-------------------------++-------
Melee: Unarmed           ||    23
Throw: Hand axe          ||     1
 Cast: Magic Dart        ||    79
       Call Imp          ||    32
       Mephitic Cloud    ||     1
